 Dungeon Crawl Stone Soup version 0.27-a0-941-g386ccf399c (webtiles) character file.

Game seed: 10702797366463906566

448 Glokmah the Conjurer (level 7, -6/40 HPs)
             Began as a Tengu Conjurer on Apr 11, 2021.
             Was an Initiate of Sif Muna.
             Mangled by Pikel
             ... wielding a +0 whip of freezing
              (17 damage)
             ... on level 5 of the Dungeon.
             The game lasted 00:08:32 (3995 turns).

Glokmah the Conjurer (Tengu Conjurer)               Turns: 3995, Time: 00:08:33

Health: -6/40      AC:  2    Str:  7    XL:     7   Next: 4%
Magic:  11/21      EV: 15    Int: 21    God:    Sif Muna [......]
Gold:   164        SH:  0    Dex: 12    Spells: 5/12 levels left

rFire    + . .     SeeInvis .   g - staff of fire
rCold    . . .     Faith    .   (no shield)
rNeg     . . .     Spirit   .   a - +0 robe
rPois    .         Reflect  .   (helmet restricted)
rElec    .         Harm     .   (no cloak)
rCorr    .         Rampage  .   (no gloves)
Will     .....                  (boots unavailable)
Stlth    ++........             (no amulet)
HPRegen  0.13/turn              e - ring of magical power
MPRegen  0.17/turn              (no ring)

@: flying quickly and evasively, quick
A: beak, talons 3, nimble flight
a: Renounce Religion


You were on level 5 of the Dungeon.
You worshipped Sif Muna.
Sif Muna was noncommittal.
You visited 2 branches of the dungeon, and saw 6 of its levels.

You collected 164 gold pieces.

Inventory:

Hand Weapons
 b - a +0 dagger
Missiles
 f - 28 poisoned darts
 k - 169 stones
 m - 8 atropa-tipped darts
 s - 8 javelins
Armour
 a - a +0 robe (worn)
 d - a +0 leather armour
Magical Staves
 g - a staff of fire (weapon)
Jewellery
 e - a ring of magical power (left hand)
 n - an amulet of regeneration
Scrolls
 c - 2 scrolls of identify {unknown}
 i - 3 scrolls of acquirement {unknown}
 j - a scroll of torment {unknown}
 l - 2 scrolls of fog {unknown}
 q - a scroll of fear {unknown}
 r - 2 scrolls of blinking {unknown}
 t - a scroll of enchant weapon {unknown}
Potions
 h - a potion of heal wounds {unknown}
 o - a potion of berserk rage {unknown}
 p - a potion of cancellation {unknown}


   Skills:
 + Level 2.4 Fighting
 + Level 2.7 Armour
 + Level 3.7 Dodging
 - Level 2.0 Stealth
 + Level 3.2 Spellcasting
 * Level 7.6 Conjurations


You had 5 spell levels left.
You knew the following spells:

 Your Spells              Type           Power      Damage    Failure   Level
a - Magic Dart            Conj           100%       1d8       1%          1
b - Searing Ray           Conj           70%        3d5       1%          2
c - Fulminant Prism       Conj/Hex       9%         3d7       26%         4

Your spell library contained the following spells:

 Spells                   Type           Power      Damage    Failure   Level
 Dazzling Flash           Conj/Hex       38%        N/A       9%          3
 Animate Skeleton         Necr           6%         N/A       13%         1
 Apportation              Tloc           6%         N/A       13%         1
 Corona                   Hex            3%         N/A       13%         1
 Summon Small Mammal      Summ           12%        N/A       13%         1
 Iskenderun's Mystic Bla  Conj/Tloc      19%        2d6       26%         4


Dungeon Overview and Level Annotations

Branches:
Dungeon (5/15)             Temple (1/1) D:4

Altars:
Ashenzari
Cheibriados
Dithmenos
Elyvilon
Fedhas
Gozag
Hepliaklqana
Kikubaaqudgha
Makhleb
Okawaru
Qazlal
Ru
Sif Muna
Trog
Vehumet
Wu Jian
Xom
Yredelemnul
Zin
The Shining One

Annotations:
D:5 Pikel


Innate Abilities, Weirdness & Mutations

You have a beak for a mouth.
You have claws for feet.
Your magical nature lets you fly swiftly and evasively.


Message History

Confirm with . or Enter, or press ? or * to list all spells.
Aiming: Searing Ray (safe; 1% risk of failure)
Press: ? - help, Shift-Dir - straight line, f - Pikel
Aim: Pikel, wielding a +0 whip of freezing and wearing a +2 robe of fire resistance (24% to evade)
The searing ray hits Pikel.
Pikel is lightly wounded. (Press . to maintain the ray.)
The lemure hits you.
The searing ray misses the lemure.
The searing ray hits Pikel.
Pikel is lightly wounded.
The lemure hits you. x2
The searing ray hits the lemure!
The lemure is moderately wounded.
The searing ray misses Pikel.
The searing ray hits Pikel!
Pikel is moderately wounded.
The searing ray hits the lemure.
The lemure is heavily wounded.
You finish channeling your searing ray.
The lemure hits you but does no damage. The lemure barely misses you.
Casting: Searing Ray (safe; 1% risk of failure)
Confirm with . or Enter, or press ? or * to list all spells.
Aiming: Searing Ray (safe; 1% risk of failure)
Press: ? - help, Shift-Dir - straight line, f/p - Pikel
Aim: Pikel, wielding a +0 whip of freezing and wearing a +2 robe of fire resistance (moderately wounded, 24% to evade)
The searing ray hits Pikel.
Pikel is heavily wounded. (Press . to maintain the ray.)
The lemure barely misses you.
Pikel hits you with a +0 whip of freezing!
Pikel freezes you. The lemure misses you. The lemure hits you!
The searing ray misses Pikel.
The lemure barely misses you.
Pikel drinks a potion.
Pikel seems to grow stronger.
The lemure hits you.
* * * LOW HITPOINT WARNING * * *
The lemure barely misses you.
The searing ray hits Pikel!
Pikel is heavily wounded.
The lemure hits you but does no damage.
Pikel hits you with a +0 whip of freezing!
You die...

#.###########
#.....5.....#
#@K.....# #
#55....##...
#5..........
#...........
##.....##..5
#.....#
#......#
#.....?#
#.......


You could see Pikel (strong) and 4 lemures.

Vanquished Creatures
  Menkaure (D:4)
  A black bear (D:4)
  A necrophage (D:4)
  A jelly (D:3)
  An orc wizard (D:3)
  2 adders
  A worm (D:2)
  6 orcs
  5 ball pythons
  4 endoplasms
  3 giant cockroaches
  6 goblins
  12 hobgoblins
  14 jackals
  A quokka (D:5)
  4 bats
  4 frilled lizards
  4 kobolds
  4 rats
75 creatures vanquished.

Notes
Turn   | Place    | Note
-------+----------+-------------------------------------------
     0 | D:1      | Glokmah the Tengu Conjurer began the quest for the Orb.
     0 | D:1      | Reached XP level 1. HP: 10/10 MP: 4/4
   121 | D:1      | Reached XP level 2. HP: 16/16 MP: 1/6
   127 | D:1      | Learned a level 2 spell: Searing Ray
   546 | D:1      | Reached skill level 1 in Armour
   546 | D:1      | Reached XP level 3. HP: 20/20 MP: 7/7
   888 | D:2      | Found a faded altar of an unknown god.
  1195 | D:2      | Reached skill level 1 in Fighting
  1322 | D:2      | Reached skill level 6 in Conjurations
  1449 | D:2      | You fall into a shaft and drop 1 floor!
  1476 | D:3      | Reached XP level 4. HP: 25/25 MP: 8/8
  2356 | D:3      | Learned a level 4 spell: Fulminant Prism
  2707 | D:4      | Found a staircase to the Ecumenical Temple.
  2713 | D:4      | Noticed a necrophage
  2716 | Temple   | Entered the Ecumenical Temple
  2836 | D:3      | Gained mutation: Your magical nature lets you fly swiftly
                  | and evasively. [Tengu growth]
  2836 | D:3      | Reached XP level 5. HP: 12/29 MP: 9/9
  3054 | D:4      | Noticed Menkaure
  3215 | D:4      | Killed Menkaure
  3216 | D:4      | Reached skill level 7 in Conjurations
  3216 | D:4      | Reached XP level 6. HP: 35/35 MP: 11/11
  3257 | D:4      | Noticed a black bear
  3262 | D:4      | Killed a black bear
  3419 | D:4      | Found a white marble altar of Elyvilon.
  3421 | D:4      | Found a radiant altar of Vehumet.
  3422 | D:4      | Found a stormy altar of Qazlal.
  3422 | D:4      | Found an iron altar of Okawaru.
  3423 | D:4      | Found a shimmering blue altar of Sif Muna.
  3423 | D:4      | Found a glowing golden altar of the Shining One.
  3431 | D:4      | Became a worshipper of Sif Muna the Loreminder
  3569 | D:4      | Killed a necrophage
  3570 | D:4      | Reached XP level 7. HP: 40/40 MP: 12/12
  3976 | D:5      | Entered Level 5 of the Dungeon
  3982 | D:5      | Noticed Pikel
  3995 | D:5      | Mangled by Pikel

Illustrated notes

Levels and vault maps discovered:
D:1:      minmay_arrival_solitary_statue, layout_basic
D:2:      layout_loops_ring, hellmonk_ecumenical_altar_lost_god
D:3:      layout_loops_ring
D:4:      corexii_shack_village, layout_basic, grunt_temple_overflow_open,
          minmay_temple_entry_grid, serial_park_tiny_1, uniq_menkaure
D:5:      layout_gridville, portal_sewer_entry_e, uniq_prince_ribbit1,
          uniq_pikel, uniq_grinder, uniq_eustachio
Temple:   zaba_magenta_temple

Skill      XL: |  1  2  3  4  5 |
---------------+----------------+-----
Armour         | 1 2 |  2.7
Fighting       | 1 2 |  2.4
Conjurations   | 6 7 |  7.6
Dodging        | 3 |  3.7
Spellcasting   | 3 |  3.2
Stealth        | |  2.0

Action                   |  1- 3 |  4- 6 |  7- 9 || total
-------------------------+-------+-------+-------++-------
Melee: Unarmed           |     2 |       |       ||     2
       Kick              |     1 |       |       ||     1
       Staff             |       |     2 |       ||     2
 Cast: Magic Dart        |    24 |    29 |     5 ||    58
       Searing Ray       |    16 |    15 |     2 ||    33
Armor: Robe              |     2 |       |     2 ||     4
Dodge: Dodged            |     4 |     5 |     5 ||    14

Table legend: (Time is in decaauts)
 A = Elapsed time spent in this place.
 B = Non-inter-level travel time spent in this place.
 C = Inter-level travel time spent in this place.
 D = Time resting spent in this place.
 E = Time spent auto-exploring this place.
 F = Levels seen in this place.
 G = Mean time per level.
                   A        B        C        D        E       F      G
               +--------+--------+--------+--------+--------+-----+--------+
         Total |   3939 |   3757 |    182 |    444 |   2636 |   6 |  656.5 |
       Dungeon |   3857 |   3675 |    182 |    444 |   2582 |   5 |  771.4 |
        Temple |     81 |     81 |      0 |      0 |     54 |   1 |   81.0 |
               +--------+--------+--------+--------+--------+-----+--------+

Top non-repeatable levels by time:
     D:3: 1186 daAuts
     D:4: 1039 daAuts
     D:1: 847 daAuts
     D:2: 766 daAuts
  Temple: 81 daAuts
     D:5: 18 daAuts
